 Dungeon Crawl Stone Soup version 0.17-a0-484-g0e03f6a (console) character file.

17 Garrluk the Cudgeler (level 2, 0/29 HPs)
             Began as an Ogre Warper on Apr 10, 2015.
             Slain by a kobold
             ... wielding a +1 whip of electrocution
              (18 damage)
             ... on level 1 of the Dungeon.
             The game lasted 00:01:32 (344 turns).

Garrluk the Cudgeler (Ogre Warper)                   Turns: 344, Time: 00:01:32

Health: 0/29       AC:  3    Str: 15    XL:     2   Next: 62%
Magic:  5/5        EV: 10    Int: 12    God:
Gold:   0          SH:  0    Dex:  9    Spells: 1 memorised, 5 levels left

rFire  . . .     SeeInvis .     a - +0 mace
rCold  . . .     Clarity  .     b - +0 robe
rNeg   . . .     SustAb   .     (no shield)
rPois  .         Gourm    .     (helmet restricted)
rElec  .         Spirit   .     (no cloak)
rCorr  .         Warding  .     (gloves unavailable)
rMut   .         Stasis   .     (boots unavailable)
MR     .....                    (no amulet)
Stlth  +.........               (no ring)
                                (no ring)

@: not resistant to hostile enchantments, very unstealthy
A: unfitting armour, tough skin 1
a: no special abilities


You were on level 1 of the Dungeon.
You were not hungry.

You visited 1 branch of the dungeon, and saw 1 of its levels.

Notes
Turn   | Place    | Note
--------------------------------------------------------------
     0 | D:1      | Garrluk, the Ogre Warper, began the quest for the Orb.
     0 | D:1      | Reached XP level 1. HP: 22/22 MP: 3/3
    75 | D:1      | Reached skill level 3 in Maces & Flails
   157 | D:1      | Reached XP level 2. HP: 27/29 MP: 5/5
   344 | D:1      | Slain by a kobold

Inventory:

Hand weapons
 a - a +0 mace (weapon)
Missiles
 e - 5 tomahawks of dispersal
 h - 62 stones (quivered)
Armour
 b - a +0 robe (worn)
Jewellery
 m - an uncursed ring of fire
   (You found it on level 1 of the Dungeon)
Scrolls
 d - a scroll of blinking
 i - a scroll of teleportation {unknown}
Potions
 g - a potion of ambrosia {unknown}
 k - a potion of brilliance {unknown}
Books
 c - a book of Spatial Translocations

   Spells                             Type                      Level
   a - Apportation                    Translocation                1
   b - Blink                          Translocation                2
   c - Shroud of Golubria             Charms/Translocation         2
   d - Portal Projectile              Translocation                3
   e - Teleport Other                 Translocation                3
   f - Passage of Golubria            Translocation                4
Comestibles
 f - a bread ration
 j - 2 chunks of flesh
 l - a meat ration

Table legend:
 A = Turns spent in this place as a percentage of turns spent in the entire game.
 B = Non-inter-level travel turns spent in this place as a percentage of non-inter-level travel turns spent in the entire game.
 C = Inter-level travel turns spent in this place as a percentage of turns spent in this place.
 D = Turns resting spent in this place as a percentage of non-inter-level travel turns spent in this place.
 E = Turns spent auto-exploring this place as a percentage of non-inter-level travel turns spent in this place.
 F = Non-inter-level travel turns spent in this place divided by the number of levels of this place that you've seen.
                   A       B       C       D       E      F
               +-------+-------+-------+-------+-------+----------------------
         Total | 100.0 | 100.0 |   0.0 |   1.0 |   5.2 | 193.0
       Dungeon | 100.0 | 100.0 |   0.0 |   1.0 |   5.2 | 193.0
               +-------+-------+-------+-------+-------+----------------------


   Skills:
 - Level 2.6 Fighting
 * Level 3.5 Maces & Flails
 + Level 1.9 Throwing
 - Level 2.1 Dodging
 + Level 2.5 Spellcasting
 - Level 2.1 Translocations


You had 5 spell levels left.
You knew the following spells:

 Your Spells              Type           Power        Failure   Level  Hunger
a - Apportation           Tloc           #.........   12%         1    #......


Dungeon Overview and Level Annotations

Branches:
Dungeon (1/15)

Altars:


Innate Abilities, Weirdness & Mutations

You are too large for most types of armour.
You have tough skin (AC +1).


Message History

The kobold throws a stone.
The stone barely misses you.
You see here a stone.
You start resting.
You completely miss the kobold. The kobold hits you but does no damage.
You barely miss the kobold.
The kobold throws a stone.
The stone hits you but does no damage. The kobold hits you but does no damage.
You closely miss the kobold.
The kobold throws a stone.
The stone hits you. The kobold hits you with a club.
You sock the kobold!
You kill the kobold!
The kobold throws a stone.
The stone hits you.
A kobold comes into view. It is wielding a short sword.
The kobold closely misses you.
You see here a stone.
You hit the kobold.
The kobold is severely wounded.
The kobold closely misses you.
You barely miss the kobold.
The kobold is severely wounded.
The kobold hits you but does no damage.
You are electrocuted!
Ouch! That really hurt!
You die...

+........#.........
#.....>............ ..
+..................
....#..............).##
....#.....S..#...#.....
###..........#.........
..............#.........
..............#.........
..............#.........
..###...)(######...#.....
.....(..@#######...#.....
.........KK.........#####
........##......##. ...#
......... ..... . ......#
......... .... .......#
................... .......#
..........#......... .......#
#.........#..........
.......###.....................
................#..............
................#...............#


You could see a ball python and 2 kobolds.

Table legend:
 A = Kills in this place as a percentage of kills in entire the game.
 B = Kills by you in this place as a percentage of kills by you in the entire game.
 C = Kills by friends in this place as a percentage of kills by friends in the entire game.
 D = Other kills in this place as a percentage of other kills in the entire game.
 E = Experience gained in this place as a percentage of experience gained in the entire game.
 F = Experience gained in this place divided by the number of levels of this place that you have seen.
                   A       B       C       D       E      F
               +-------+-------+-------+-------+-------+----------------------
         Total | 100.0 | 100.0 |  -nan |  -nan | 100.0 |  25.0
       Dungeon | 100.0 | 100.0 |  -nan |  -nan | 100.0 |  25.0
               +-------+-------+-------+-------+-------+----------------------

Vanquished Creatures
  Monster Symbol All 'K'
  8 kobolds (D:1)
8 creatures vanquished. All 'S' 2 ball pythons (D:1)
2 creatures vanquished. All 'b' A bat (D:1)
1 creature vanquished. All 'g' A goblin (D:1)
1 creature vanquished. All 'h' 3 jackals (D:1)
3 creatures vanquished. All 's' A giant cockroach (D:1)
1 creature vanquished.
16 creatures vanquished. Monster Nature Natural Monsters 2 ball pythons (D:1) A giant cockroach (D:1) A goblin (D:1) 3 jackals (D:1) A bat (D:1) 8 kobolds (D:1)
16 creatures vanquished.
16 creatures vanquished. Ascending Order A goblin (D:1) A giant cockroach (D:1) A bat (D:1) 2 ball pythons (D:1) 3 jackals (D:1) 8 kobolds (D:1)
16 creatures vanquished.

Action                   || total
-------------------------++-------
Melee: Mace              ||    39
Throw: Stone             ||     3
